 Dungeon Crawl Stone Soup version 0.30-b1-2-g02819fbbbe (webtiles) character file.

Game seed: 7093704896590881395

13 Alarkh the Insei (level 2, 22/22 HPs)
             Began as a Demonspawn Warper on May 25, 2023.
             Got out of the dungeon alive.
             The game lasted 00:00:12 (122 turns).

Alarkh the Insei (Demonspawn Warper)                 Turns: 122, Time: 00:00:13

Health: 22/22      AC:  5    Str: 11    XL:     2   Next: 24%
Magic:  5/5        EV: 11    Int: 14    God:
Gold:   13         SH:  0    Dex: 12    Spells: 5/5 levels left

rFire   . .          .
                       - Unarmed
rCold   . . .        (no shield)
rNeg    . . .        a - +0 leather armour
rPois   .            (no helmet)
rElec   .            (no cloak)
rCorr   .            (no gloves)
SInv    .            (no boots)
Will    .....        (no amulet)
Stlth   +            (no ring)
HPRegen 0.23/turn    (no ring)
MPRegen 0.09/turn

%: no passive effects
@: no status effects
A: molten scales 1
a: no special abilities


You escaped.
You visited 1 branch of the dungeon, and saw 1 of its levels.

You collected 13 gold pieces.

Inventory:

Missiles
 c - 7 boomerangs of dispersal (quivered)
Armour
 a - a +0 leather armour (worn)
Scrolls
 b - a scroll of blinking
 d - a scroll of identify {unknown}
 e - a scroll of acquirement {unknown}


   Skills:
 - Level 2.0 Fighting
 - Level 0.8 Throwing
 - Level 0.8 Armour
 - Level 1.7 Dodging
 + Level 2.7 Unarmed Combat
 - Level 2.0 Spellcasting
 - Level 2.6 Translocations


You had 5 spell levels left.
You didn't know any spells.
Your spell library contained the following spells:

 Spells                   Type           Power      Damage    Failure   Level
 Blink                    Tloc           16%        N/A       16%         2
 Lesser Beckoning         Tloc           16%        N/A       16%         2
 Teleport Other           Tloc           8%         N/A       30%         3
 Vhi's Electric Charge    Tloc/Air       10%        N/A       47%         3
 Manifold Assault         Tloc           8%         N/A       71%         4


Dungeon Overview and Level Annotations

Branches:
Dungeon (1/15)

Altars:


Innate Abilities, Weirdness & Mutations

You are partially covered in molten scales. (AC +2)


Message History

You closely miss the frilled lizard.
The frilled lizard bites you but does no damage.
You miss the frilled lizard.
The frilled lizard bites you but does no damage.
You hit the frilled lizard.
You kill the frilled lizard!
The jackal barely misses you.
You closely miss the jackal. The jackal closely misses you.
You miss the jackal.
The jackal bites you but does no damage.
You closely miss the jackal. The jackal bites you.
The jackal bites you but does no damage.
You closely miss the jackal.
The jackal bites you but does no damage.
You barely miss the jackal.
The jackal bites you but does no damage.
You closely miss the jackal. The jackal barely misses you.
The jackal completely misses you.
You hit the jackal.
The jackal is moderately wounded.
The jackal bites you but does no damage.
You hit the jackal. Your punch misses the jackal.
The jackal is severely wounded.
The jackal closely misses you. x2
You hit the jackal.
You kill the jackal!
No target in view!
No target in view!
No target in view!
No target in view!
No target in view!
No target in view!
No target in view!
No target in view!
No target in view!
No target in view!
No target in view!
There is a staircase leading out of the dungeon here.
Are you sure you want to leave the Dungeon?
This will make you lose the game!
You have escaped!

.. .. .. . ### ...
##### ... #>..# ##
+.###.@.# ##
#..'...# .#
####...# .## ###
##### #...#
..###.###...###...#
..†.............###
.###.#..##.######
## #...###)#
#..........


There were no monsters in sight!

Vanquished Creatures
  An endoplasm (D:1)
  A giant cockroach (D:1)
  A hobgoblin (D:1)
  3 jackals (D:1)
  A kobold (D:1)
  3 ball pythons (D:1)
  A frilled lizard (D:1)
11 creatures vanquished.

Notes
Turn   | Place    | Note
-------+----------+-------------------------------------------
     0 | D:1      | Alarkh the Demonspawn Warper began the quest for the Orb.
     0 | D:1      | Reached XP level 1. HP: 16/16 MP: 3/3
    71 | D:1      | Gained mutation: You are partially covered in molten
                  | scales. (AC +2) [demonic ancestry]
    71 | D:1      | Reached XP level 2. HP: 18/22 MP: 5/5
   122 | D:$      | Got out of the dungeon alive.

Illustrated notes

Levels and vault maps discovered:
D:1:      dpeg_arrival_connections, layout_rooms, minmay_rat_gold_closets

Skill      XL: |  1 |
---------------+----+-----
Unarmed Combat | 2 |  2.7
Fighting       | |  2.0
Throwing       | |  0.8
Armour         | |  0.8
Dodging        | |  1.7
Spellcasting   | |  2.0
Translocations | |  2.6

Action                     || total
---------------------------++-------
  Melee: Unarmed           ||    44
         Punch             ||     1
 Armour: Leather armour    ||    13
  Dodge: Dodged            ||    26
